AoeStats
← IsabelSabe

Golden Pit

508097018Analyzed
1v1 RM · 12d ago on Sep 20, 2026· 39m 5s· 2 players
Game mode
Random Map
Map size
Tiny (2 player)
Population
200
Speed
Normal
Resources
Standard
Victory
Conquest
Starting age
Dark Age
Ending age
Imperial Age
RankedLock teamsTeams togetherTeam positionsShared explorationLock speedFull tech treeHidden civsTurbo modeCheats
Victory
Defeat
🇬🇧 Saracens · United Kingdom
985
+17
🇺🇸 Cumans · United States
1004
-17
TaimurMojo9865
6:52 Loom
9:38 Feudal Age
12:16 Fletching
14:40 Double-Bit Axe
21:18 Castle Age
22:32 Bloodlines
22:56 Scale Barding Armor
23:02 Forging
23:21 Husbandry
24:15 Wheelbarrow
27:50 Bow Saw
34:25 Imperial Age
32:39 Gold Mining
33:08 Bodkin Arrow
34:36 Chain Barding Armor
IsabelSabe
7:16 Loom
10:39 Feudal Age
12:32 Double-Bit Axe
22:03 Castle Age
38:43 Imperial Age
37:10 Fletching
37:20 Padded Archer Armor
Connection lost

Rejoining the realm…

Still unreachable

The connection could not be restored.

Session expired

The server has moved on; the page needs a fresh start.